 Dungeon Crawl Stone Soup version 0.20-a0-1114-g33edf32 (webtiles) character file.

1638 grindst0ne the Basher (level 8, -12/73 HPs)
             Began as a Minotaur Berserker on May 6, 2017.
             Was an Elder of Trog.
             Mangled by an orc warrior
             ... wielding a +0 broad axe
              (15 damage)
             ... in a bailey.
             The game lasted 00:13:39 (4589 turns).

grindst0ne the Basher (Minotaur Berserker)          Turns: 4589, Time: 00:13:40

Health: -12/73     AC:  9    Str: 23    XL:     8   Next: 66%
Magic:  7/7        EV: 10    Int:  4    God:    Trog [****..]
Gold:   262        SH:  0    Dex: 11    Spells: 7/7 levels left

rFire    + . .     SeeInvis .   h - +5 mace
rCold    . . .     Gourm    .   (no shield)
rNeg     . . .     Faith    .   y - +0 chain mail
rPois    .         Spirit   .   (helmet restricted)
rElec    .         Reflect  .   (no cloak)
rCorr    .         Harm     +   (no gloves)
MR       .....                  (no boots)
Stlth    ..........             l - amulet of harm
Regen    0.3/turn               n - ring of protection from fire
MPRegen  0.1/turn               (no ring)

@: no status effects
A: retaliatory headbutt, horns 2
a: Berserk, Trog's Hand, Brothers in Arms, Burn Spellbooks, Renounce Religion


You were in a bailey.
You worshipped Trog.
Trog was greatly pleased with you.
You were not hungry.

You visited 1 branch of the dungeon, and saw 6 of its levels.
You also visited: Bailey.

You collected 262 gold pieces.

Inventory:

Hand Weapons
 h - a +5 mace (weapon)
 i - a +1 flail of venom
 k - a +4 hand axe
Missiles
 m - 12 tomahawks of returning (quivered)
Armour
 y - a +0 chain mail (worn)
Jewellery
 b - a +1 ring of slaying {unknown}
 l - an amulet of harm (around neck)
 n - a ring of protection from fire (left hand)
Wands
 d - a wand of random effects (21/48)
Scrolls
 a - a scroll of enchant weapon
 f - 9 scrolls of identify
 j - 3 scrolls of remove curse
Potions
 e - 3 potions of brilliance
 x - a potion of flight
 z - a potion of haste {unknown}
Comestibles
 c - 5 bread rations
 p - 2 meat rations
 q - 5 fruits
 s - 8 chunks of flesh
 u - 4 royal jellies


   Skills:
 + Level 7.2 Fighting
 + Level 4.9(7.4) Axes
 + Level 8.6(9.2) Maces & Flails
 - Level 3.1 Armour
 - Level 5.7 Dodging
 - Level 1.9 Stealth


You had 7 spell levels left.
You didn't know any spells.

Dungeon Overview and Level Annotations

Branches:
Dungeon (7/15)
 Temple: D:4-7

Altars:
Cheibriados
Gozag
Hepliaklqana
Kikubaaqudgha
Nemelex Xobeh
Okawaru
Qazlal
Vehumet
Xom
Yredelemnul


Innate Abilities, Weirdness & Mutations

You reflexively headbutt those who attack you in melee.
You have a pair of horns on your head.


Message History

The orc warrior flickers and vanishes!
Deactivating autopickup; reactivate with Ctrl-A.
Evoking this partially-identified wand wasted a few charges.
The kobold throws a tomahawk of returning.
The tomahawk of returning hits you but does no damage.
The kobold throws a tomahawk of returning.
The tomahawk of returning hits you but does no damage.
The weapon returns to the kobold!
You hit something. Your headbutt misses something.
The kobold throws a tomahawk of returning.
Something hits you but does no damage.
You thump something!
The kobold throws a tomahawk of returning.
The weapon returns to the kobold!
Something hits you!
* * * LOW HITPOINT WARNING * * *
You closely miss something.
The kobold throws a tomahawk of returning.
The tomahawk of returning hits you but does no damage.
The weapon returns to the kobold!
Something hits you!
You die...

≈≈≈≈≈≈≈≈≈≈≈≈≈≈..(....##
≈≈≈#########≈≈≈≈≈(.....##
≈≈K#....goo#K≈≈≈≈≈≈≈....#
## #.......####†≈≈≈≈≈≈≈≈≈
###'####..#.)...≈≈≈≈≈
....###......#≈ ###..+
#)....### #..###.......#
#.†#.@..⌠.....
##†#{........#
#...........##
..K.K........####
.#############


You could see a kobold.

Vanquished Creatures
  Pikel (D:4)
  Sigmund (D:4)
  Eustachio (D:4)
  Duvessa (D:4)
  An orc warrior (Bailey)
  A bullfrog (D:7)
  Dowan (D:4)
  A vampire bat (D:3)
  3 crimson imps (D:3)
  5 orc wizards
  Jessica (D:2)
  4 worker ants
  5 adders
  3 oozes
  An adder zombie (D:7)
  3 worms
  4 leopard geckos
  23 orcs
  4 bat skeletons (D:3)
  A bat zombie (D:3)
  2 giant cockroaches
  7 goblins
  7 hobgoblins
  6 jackals
  17 kobolds
  A quokka (D:3)
  A ball python (D:1)
  7 bats
  7 frilled lizards
  A quokka zombie (D:5)
  9 rats
130 creatures vanquished.

Vanquished Creatures (others)
  2 slaves (D:4)
  A bullfrog (D:4)
  An orc priest (D:4)
  An adder (D:4)
  2 leopard geckos
  A giant cockroach (D:4)
  A quokka zombie (D:4)
  A rat (D:3)
10 creatures vanquished.

Grand Total: 140 creatures vanquished

Notes
Turn   | Place    | Note
-------+----------+-------------------------------------------
     0 | D:1      | grindst0ne the Minotaur Berserker began the quest for the Orb.
     0 | D:1      | Reached XP level 1. HP: 19/19 MP: 0/0
   235 | D:1      | Reached XP level 2. HP: 26/27 MP: 1/1
  1032 | D:2      | Found an iron altar of Okawaru.
  1038 | D:2      | Reached XP level 3. HP: 20/33 MP: 2/2
  1263 | D:2      | Noticed Jessica
  1268 | D:2      | Killed Jessica
  1268 | D:2      | Reached ** piety under Trog
  1310 | D:2      | Found an opulent altar of Gozag.
  1364 | D:2      | Found a snail-covered altar of Cheibriados.
  1437 | D:2      | Reached XP level 4. HP: 39/40 MP: 3/3
  1454 | D:2      | Found a hazy altar of Hepliaklqana.
  1559 | D:2      | Found a stormy altar of Qazlal.
  1598 | D:2      | Reached skill level 1 in Maces & Flails
  1702 | D:2      | Found a basalt altar of Yredelemnul.
  2284 | D:3      | Reached XP level 5. HP: 47/47 MP: 4/4
  2303 | D:3      | Reached skill level 2 in Maces & Flails
  2513 | D:3      | Found a sparkling altar of Nemelex Xobeh.
  2629 | D:3      | Found a shimmering altar of Xom.
  2699 | D:3      | Reached skill level 3 in Maces & Flails
  2703 | D:3      | Found an ancient bone altar of Kikubaaqudgha.
  2708 | D:3      | Reached *** piety under Trog
  2838 | D:3      | Reached XP level 6. HP: 53/53 MP: 5/5
  2851 | D:3      | Reached skill level 4 in Maces & Flails
  2884 | D:3      | Found a radiant altar of Vehumet.
  2991 | D:3      | Reached skill level 1 in Stealth
  3208 | D:4      | Noticed Dowan
  3210 | D:4      | Noticed Duvessa
  3221 | D:4      | Killed Duvessa
  3221 | D:4      | Reached skill level 5 in Fighting
  3221 | D:4      | Reached skill level 5 in Maces & Flails
  3223 | D:4      | Killed Dowan
  3223 | D:4      | Reached XP level 7. HP: 50/61 MP: 6/6
  3400 | D:4      | Noticed Pikel
  3411 | D:4      | Killed Pikel
  3411 | D:4      | Reached skill level 7 in Maces & Flails
  3411 | D:4      | Reached skill level 5 in Dodging
  3561 | D:4      | Reached XP level 8. HP: 70/70 MP: 7/7
  3754 | D:4      | Noticed Eustachio
  3765 | D:4      | Killed Eustachio
  3996 | D:4      | Found a sparkling altar of Nemelex Xobeh.
  3997 | D:4      | Noticed Sigmund
  4017 | D:4      | Killed Sigmund
  4017 | D:4      | Reached skill level 8 in Maces & Flails
  4190 | D:5      | Entered Level 5 of the Dungeon
  4337 | D:5      | You fall through a shaft for 2 floors!
  4461 | D:7      | Reached **** piety under Trog
  4470 | D:7      | Found a flagged portal.
  4494 | Bailey   | Entered a bailey
  4588 | Bailey   | HP: 3/73 [something (13)]
  4589 | Bailey   | Mangled by an orc warrior

Vault maps used:
D:1:      minmay_arrival_up_and_down
D:2:      lemuel_round_altar, yredelemnul_altar_generic,
          overflow_temple_1_default, old_standard_altar, lemuel_crystal_altar,
          minmay_misc_feat_rows, okawaru_altar_gauntlet_db, uniq_jessica
D:3:      kennysheep_vampire_church, nemelex_xobeh_ov_fountains_minmay,
          fiery_altar_vehumet, first_bread, minivault_4, led_xom_imps
D:4:      nemelex_dance_club_becter, uniq_sigmund, uniq_duvessa, uniq_eustachio,
          uniq_pikel
D:5:      marbit_many_paths, nicolae_overflow_hidden_temple,
          minmay_misc_feat_encased, uniq_menkaure
D:7:      nicolae_ashenzari_panopticon, enter_bailey_2
Bailey:   bailey_axe_4, bailey

Skill      XL: |  1  2  3  4  5  6  7  8 |
---------------+-------------------------+-----
Fighting       | 4 5 6 7 |  7.2
Axes           | 4 |  4.9
Armour         | 3 |  3.1
Maces & Flails | 1 3 5 7 8 |  8.6
Dodging        | 3 4 5 |  5.7
Stealth        | 1 |  1.9

Action                   |  1- 3 |  4- 6 |  7- 9 || total
-------------------------+-------+-------+-------++-------
Melee: Hand axe          |    21 |       |       ||    21
       Headbutt          |     6 |    17 |    10 ||    33
       Mace              |    31 |   112 |   108 ||   251
Invok: Berserk           |       |     4 |     3 ||     7
Evoke: Wand              |       |       |     1 ||     1
  Use: Scroll            |       |       |    11 ||    11
       Potion            |       |       |     2 ||     2
 Stab: Sleeping          |       |     1 |       ||     1
  Eat: Chunk             |     2 |     8 |     8 ||    18
Armor: Animal skin       |    11 |    21 |       ||    32
       Chain mail        |       |       |    48 ||    48
Dodge: Dodged            |    43 |    89 |    77 ||   209
